 Dungeon Crawl Stone Soup version 0.28-a0-793-g31680bbd8b (webtiles) character file.

Game seed: 14371594409665807976

116 flotson the Sneak (level 4, -3/37 HPs)
             Began as a Demonspawn Delver on Nov 5, 2021.
             Slain by a sky beast (5 damage)
             ... on level 2 of the Dungeon.
             The game lasted 00:06:13 (3936 turns).

flotson the Sneak (Demonspawn Delver)               Turns: 3936, Time: 00:06:13

Health: -3/37      AC:  9    Str: 13    XL:     4   Next: 70%
Magic:  4/4        EV: 12    Int: 12    God:
Gold:   150        SH:  4    Dex: 14    Spells: 3/3 levels left

rFire   . . .      SeeInvis .   s - +3 quarterstaff (chaos)
rCold   . . .      Faith    .   (shield currently unavailable)
rNeg    . . .      Spirit   .   b - +0 leather armour
rPois   .          Reflect  .   (no helmet)
rElec   .          Harm     .   f - +0 cloak
rCorr   .          Rampage  .   l - +0 pair of gloves
Will    .....                   (no boots)
Stlth   ++........              (no amulet)
HPRegen 0.12/turn               (no ring)
MPRegen 0.09/turn               (no ring)

@: no status effects
A: icemail 1, condensation shield
a: no special abilities


You were on level 2 of the Dungeon.
You visited 1 branch of the dungeon, and saw 5 of its levels.

You collected 150 gold pieces.

Inventory:

Hand Weapons
 a - a +0 hand axe
 n - a +1 short sword of venom
 r - a +2 dagger of venom
 s - a +3 quarterstaff of chaos (weapon)
Missiles
 u - 7 poisoned darts (quivered)
Armour
 b - a +0 leather armour (worn)
 f - a +0 cloak (worn)
 l - a +0 pair of gloves (worn)
Wands
 g - a wand of digging (2)
Scrolls
 c - a scroll of fog
 d - a scroll of magic mapping
 e - a scroll of torment {unknown}
 k - a scroll of blinking {unknown}
 m - 4 scrolls of identify {unknown}
 o - a scroll of enchant armour {unknown}
 p - 3 scrolls of teleportation {unknown}
 q - a scroll of enchant weapon {unknown}
 v - a scroll of acquirement {unknown}
Potions
 h - a potion of mutation {unknown}
 i - a potion of attraction {unknown}
 j - a potion of magic {unknown}
 t - a potion of invisibility {unknown}


   Skills:
 + Level 3.9 Fighting
 - Level 1.7 Axes
 + Level 1.0 Throwing
 + Level 2.0 Armour
 + Level 2.8 Dodging
 - Level 4.5 Stealth


You had 3 spell levels left.
You didn't know any spells.
Your spell library contained the following spells:

 Spells                   Type           Power      Damage    Failure   Level
 Call Canine Familiar     Summ           0%         N/A       77%         3
 Ozocubu's Armour         Ice            0%         N/A       77%         3
 Portal Projectile        Hex/Tloc       0%         N/A       77%         3
 Leda's Liquefaction      Hex/Erth       0%         N/A       99%         4
 Ozocubu's Refrigeration  Ice            0%         4d5       100%        7


Dungeon Overview and Level Annotations

Branches:
Dungeon (5/15)
 Temple: D:4-7

Altars:
Makhleb
Okawaru


Innate Abilities, Weirdness & Mutations

A meltable icy envelope protects you from harm. (AC +4)
A meltable shield of frost defends you. (SH +4)


Message History

Press: ? - help, Q - select action Shift-Dir - straight line, f - sky beast
Aim: a sky beast (moderately wounded, 48% to hit)
You throw a poisoned dart. The poisoned dart hits the sky beast.
The sky beast is poisoned.
The sky beast is moderately wounded.
You block the sky beast's attack.
Throw: 8 darts (poison)
Press: ? - help, Q - select action Shift-Dir - straight line, f/p - sky beast
Aim: a sky beast (moderately wounded, poisoned, 48% to hit)
You throw a poisoned dart. The poisoned dart hits the sky beast.
The sky beast looks even sicker.
The sky beast is moderately wounded.
You block the sky beast's attack.
You hit the sky beast.
The sky beast seems to speed up.
The sky beast is severely wounded.
The sky beast flickers out of sight!
Deactivating autopickup; reactivate with Ctrl-A.
Something hits you but does no damage. Something hits you.
Something shocks you. Something hits you but does no damage.
Something hits you. Something shocks you.
A sky beast appears from thin air!
Reactivating autopickup.
The sky beast hits you but does no damage.
The sky beast flickers out of sight!
Deactivating autopickup; reactivate with Ctrl-A.
Something hits you but does no damage.
There is a stone staircase leading down here.
Something hits you. Something shocks you. Something hits you.
* * * LOW HITPOINT WARNING * * *
Something shocks you.
* * * LOW HITPOINT WARNING * * *
Okay, then.
Unknown command.
Okay, then.
Something hits you.
* * * LOW HITPOINT WARNING * * *
Something shocks you.
You die...

....##.#.# #.#
....'..#.# #.#
....####.# #.# ....#
#.# #.# †...# #.#
#.# ....# #.# #.#
'#### #.######.#
.#######........####
..........##....@..#
#########.##.#####.#
......(.......>....#
..#.#####..#.#######
#.#.#####.....#
#.#...........#
#.#.#########.#
..#.# #....# ###.#
#.####


There were no monsters in sight!

Vanquished Creatures
  Crazy Yiuf (D:2)
  2 adders
  An adder zombie (D:2)
  A worm (D:2)
  2 dart slugs (D:2)
  4 bats (D:1)
  A bat zombie (D:2)
  6 endoplasms
  6 giant cockroaches
  3 goblins
  5 hobgoblins
  5 quokkas
  5 ball pythons
  A ball python skeleton (D:2)
  2 ball python zombies (D:2)
  4 frilled lizards
  A giant cockroach zombie (D:2)
  3 kobolds (D:1)
  4 rats
57 creatures vanquished.

Vanquished Creatures (others)
  2 fungi (D:2)
2 creatures vanquished.

Grand Total: 59 creatures vanquished

Notes
Turn   | Place    | Note
-------+----------+-------------------------------------------
     0 | D:5      | flotson the Demonspawn Delver began the quest for the Orb.
     0 | D:5      | Reached XP level 1. HP: 18/18 MP: 1/1
    26 | D:5      | Noticed a centaur warrior zombie
   162 | D:3      | Found a burning altar of Makhleb.
   162 | D:3      | Found an iron altar of Okawaru.
   363 | D:1      | Gained mutation: A meltable shield of frost defends you.
                  | (SH +4) [demonic ancestry]
   363 | D:1      | Reached XP level 2. HP: 4/24 MP: 2/2
  1024 | D:1      | Reached skill level 1 in Armour
  1087 | D:1      | Found a faded altar of an unknown god.
  1179 | D:1      | Gained mutation: A meltable icy envelope protects you from
                  | harm. (AC +4) [demonic ancestry]
  1179 | D:1      | Reached XP level 3. HP: 3/29 MP: 3/3
  2382 | D:1      | Found a faded altar of an unknown god.
  2883 | D:2      | Reached XP level 4. HP: 33/37 MP: 4/4
  3410 | D:2      | Found a runed translucent door.
  3411 | D:2      | Noticed Crazy Yiuf
  3471 | D:2      | Killed Crazy Yiuf
  3712 | D:3      | Reached skill level 1 in Throwing
  3741 | D:3      | Noticed a sky beast
  3936 | D:2      | Slain by a sky beast

Illustrated notes

Levels and vault maps discovered:
D:1:      dpeg_arrival_shelter, layout_rooms,
          dreamdust_ecumenical_altar_angels_and_demons,
          hangedman_abyss_or_decor_stabs, minmay_misc_feat_columns,
          minmay_cut_off
D:2:      layout_basic, serial_undead, serial_undead_d, serial_undead_c,
          serial_undead_d, serial_undead_f, serial_undead_c,
          uniq_crazy_yiuf_cottage
D:3:      layout_basic, general_overflow_altar,
          gammafunk_temple_overflow_elements
D:4:      layout_loops_cross, dancing_weapons_uskayaw
D:5:      corexii_shack_village, layout_basic, nicolae_tso_besieged_by_evil,
          portal_sewer_entry_e, chequers_serial_rivers_marsh

Skill      XL: |  1  2  3  4 |
---------------+-------------+-----
Dodging        | 2 |  2.8
Armour         | 1 2 |  2.0
Throwing       | 1 |  1.0
Fighting       | |  3.9
Axes           | |  1.7
Stealth        | |  4.5

Action                   |  1- 3 |  4- 6 || total
-------------------------+-------+-------++-------
Melee: Hand axe          |    51 |       ||    51
       Short sword       |    57 |       ||    57
       Dagger            |    47 |    19 ||    66
       Quarterstaff      |       |    17 ||    17
Throw: Dart              |       |    11 ||    11
Evoke: Wand              |       |     1 ||     1
  Use: Scroll            |     1 |       ||     1
       Potion            |       |     1 ||     1
 Stab: Sleeping          |     9 |     2 ||    11
Armor: Leather armour    |    43 |    13 ||    56
Dodge: Dodged            |    96 |    10 ||   106
Block: Other             |    22 |     4 ||    26

Table legend: (Time is in decaauts)
 A = Elapsed time spent in this place.
 B = Non-inter-level travel time spent in this place.
 C = Inter-level travel time spent in this place.
 D = Time resting spent in this place.
 E = Time spent auto-exploring this place.
 F = Levels seen in this place.
 G = Mean time per level.
                   A        B        C        D        E       F      G
               +--------+--------+--------+--------+--------+-----+--------+
         Total |   3941 |   3850 |     91 |      0 |   3121 |   5 |  788.2 |
       Dungeon |   3941 |   3850 |     91 |      0 |   3121 |   5 |  788.2 |
               +--------+--------+--------+--------+--------+-----+--------+

Top non-repeatable levels by time:
     D:1: 2298 daAuts
     D:2: 1301 daAuts
     D:3: 274 daAuts
     D:5: 49 daAuts
     D:4: 17 daAuts
